Map: Tropic Shores

Players

FOX

  • Race: Terran Terran
  • League: Platinum
  • Spawn Location: 5:00

SaNiCh

  • Race: Zerg Zerg
  • League: Platinum
  • Spawn Location: 6:00

hillside

  • Race: Zerg Zerg
  • League: Platinum
  • Spawn Location: 6:00

Parkuller

  • Race: Terran Terran
  • League: Silver
  • Spawn Location: 5:00

Loken - Winner!

  • Race: Protoss Protoss
  • League: Platinum
  • Spawn Location: 11:00

Rugi - Winner!

  • Race: Terran Terran
  • League: Master
  • Spawn Location: 12:00

Myran - Winner!

  • Race: Protoss Protoss
  • Spawn Location: 0:00

dallaskuken - Winner!

  • Race: Protoss Protoss
  • League: Platinum
  • Spawn Location: 12:00

VOD

Have the link to the VOD?

Description

Time

  • Played on: March 30, 2017, 4:10 p.m.
  • Length: 19:53
Show
View Real Time Build Order
Export as new Build Order

FOX Terran 

Build Orders: MMM Bio 

Get SALT Encoding   

  12  0:00  SCV  
  13  0:12  SCV  
  14  0:22  Supply Depot  
  14  0:25  SCV  
  15  0:43  SCV  
  15  0:45  Barracks  
  16  0:50  Refinery  
  16  0:55  SCV  
  17  1:00  Barracks  
  17  1:08  SCV  
  18  1:20  SCV  
  19  1:32  SCV  
  20  1:34  Barracks  
  20  1:35  Marine  
  21  1:42  Refinery  
  21  1:44  SCV  
  22  1:47  Supply Depot  
  22  1:52  Marine  
  23  2:08  SCV, Marine  
  23  2:10  Marine  
  23  2:12  Supply Depot  
  26  2:26  Marine x2  
  26  2:28  Marine  
  29  2:41  Orbital Command  
  29  2:44  Marine x2  
  29  2:45  Marine  
  29  2:49  Engineering Bay  
  32  3:10  Barracks Reactor  
  32  3:20  Missile Turret  
  32  3:28  Command Center  
  32  3:31  SCV  
  33  3:36  Barracks Tech Lab  
  33  3:37  Barracks Reactor  
  33  3:46  Marine x2  
  35  3:54  Missile Turret  
  35  4:01  Stimpack  
  35  4:03  Marine  
  35  4:05  Marine  
  35  4:08  Marine  
  38  4:17  Supply Depot  
  38  4:19  SCV  
  39  4:26  Marine  
  39  4:28  Terran Infantry Weapons Level 1  
  39  4:30  Marine  
  41  4:36  Marine x2  
  43  4:39  SCV  
  44  4:49  Orbital Command  
  44  4:55  SCV  
  45  5:07  SCV  
  46  5:19  SCV  
  46  5:21  Supply Depot  
  47  5:26  SCV  
  48  5:31  SCV  
  49  5:38  SCV  
  49  5:40  Factory  
  49  5:42  Marine  
  51  5:43  SCV  
  51  5:44  Supply Depot  
  51  5:47  Marine x3  
  55  5:50  SCV  
  55  5:55  SCV  
  57  6:00  Marine  
  57  6:02  SCV, Combat Shields  
  59  6:06  Refinery  
  59  6:07  SCV, Marine x3  
  59  6:08  Marine  
  64  6:15  SCV  
  64  6:17  Supply Depot  
  65  6:19  SCV  
  65  6:22  Terran Infantry Armor Level 1  
  65  6:23  Marine  
  65  6:25  Marine, Factory Reactor  
  68  6:27  SCV  
  68  6:31  Starport, SCV  
  70  6:39  SCV  
  71  6:41  Supply Depot  
  71  6:44  SCV  
  72  6:51  SCV  
  73  6:56  SCV  
  74  7:03  SCV  
  74  7:04  Armory  
  74  7:08  SCV  
  76  7:11  Missile Turret  
  76  7:15  SCV  
  77  7:20  SCV  
  78  7:26  Marine x3  
  78  7:27  Marauder, Marine  
  84  7:34  Missile Turret  
  84  7:37  SCV  
  84  7:38  SCV, Medivac x2  
  84  7:39  Factory Tech Lab  
  84  7:40  Barracks  
  90  7:48  Marauder  
  90  7:49  SCV  
  90  7:50  Marine x4  
  97  7:53  SCV  
  96  8:06  Missile Turret  
  96  8:08  Marine x4, Medivac x2  
  96  8:10  Marauder  
  106  8:26  Marine x4  
  109  8:38  Marauder, Medivac  
  109  8:43  Marine x2  
  109  8:44  Marine x2  
  103  8:59  Marauder  
  103  9:01  Marine x2  
  103  9:02  Marine x2  
  109  9:19  Marine  
  110  9:47  Marine x3  
  110  9:49  Marine  
  110  9:50  Marine  
  101  10:05  Marine x3  
  101  10:07  Marine  
  100  10:08  Marine  
  92  10:23  Marine x3  
  92  10:24  Marine  
  92  10:25  Marine  
  94  10:40  Marine  
  94  10:41  Marine x2  
  94  10:42  Marine  
  90  10:43  Marine  
  81  10:58  Marine  
  81  10:59  Marine x2  
  81  11:00  Marine  
  81  11:01  Marine  
  83  11:16  Marine x2  
  83  11:17  Marine  
  83  11:18  Marine  
  86  11:19  Marine  
  87  11:26  Barracks Reactor, SCV  
  87  11:29  Medivac x2  
  92  11:34  Marine x3  
  92  11:36  Marine  
  92  11:37  SCV, Marine  
  92  11:38  SCV  
  99  11:49  SCV  
  99  11:50  SCV  
  99  11:51  Terran Infantry Weapons Level 2, Missile Turret  
  99  11:52  Marine x3  
  99  11:54  Marine x2, Terran Ship Weapons Level 1  
  105  11:55  Supply Depot  
  105  11:57  Refinery  
  105  11:59  Medivac x2  
  111  12:01  SCV  
  111  12:02  SCV, Marine x2  
  114  12:09  Marine  
  114  12:10  Marine x2  
  114  12:11  Marine  
  114  12:12  Missile Turret, Marine  
  114  12:13  SCV  
  114  12:14  SCV, Barracks  
  121  12:20  Marine x2  
  123  12:27  Marine  
  123  12:28  Marine x2  
  123  12:29  Marine, Medivac x2  
  131  12:30  Marine  
  132  12:38  Marine x2  
  134  12:45  Marine x2  
  134  12:52  Marine x3  
  134  12:53  Supply Depot  
  134  12:56  Marine x2  
  139  12:59  Medivac x2  
  139  13:02  Barracks  
  139  13:03  Marine x2  
  139  13:04  Marine  
  126  13:10  Marine x3  
  106  13:13  Marine x2  
  102  13:21  Marine x3  
  105  13:28  Marine x3  
  105  13:29  Medivac x2  
  105  13:31  Marine x2  
  109  13:38  Marine  
  109  13:39  Marine x2  
  110  13:46  Marine x3  
  113  13:49  Marine x3  
  113  13:51  Missile Turret  
  113  13:52  Barracks  
  114  13:56  Marine  
  114  13:57  Marine x2  
  117  14:03  Marine x3  
  117  14:06  Terran Infantry Armor Level 2  
  117  14:07  Marine x3  
  123  14:14  Marine x2  
  123  14:15  Marine  
  121  14:21  Marine x3  
  117  14:25  Marine x3  
  112  14:32  Marine x2  
  112  14:33  Marine  
  115  14:39  Marine x3  
  115  14:41  Barracks  
  115  14:42  Marine x3  
  121  14:50  Marine x2  
  121  14:51  Marine  
  121  14:57  Marine x3  
  113  15:00  Marine x3  
  106  15:08  Marine x3  
  101  15:15  Marine x3  
  101  15:18  Marine x3  
  82  15:25  Marine  
  82  15:26  Marine x2  
  62  15:32  Marine  
  62  15:36  Marine  
  57  17:28  Marine x3  
  51  18:06  Marine  
Show
View Real Time Build Order
Export as new Build Order

SaNiCh Zerg 

Build Orders: Pool First, Zergling Baneling 

Get SALT Encoding   

  12  0:01  Drone  
  13  0:08  Drone  
  14  0:28  Spawning Pool  
  14  0:30  Drone  
  14  0:35  Extractor  
  14  0:36  Drone  
  14  0:40  Extractor  
  14  0:41  Drone  
  14  0:49  Overlord  
  15  1:00  Overlord  
  15  1:08  Drone  
  16  1:15  Zergling x2  
  17  1:24  Zergling x2  
  18  1:27  Queen  
  20  1:34  Zergling x2  
  20  1:39  Metabolic Boost  
  21  1:46  Drone  
  22  1:51  Extractor  
  21  1:57  Drone  
  23  2:15  Drone  
  23  2:23  Hatchery  
  23  2:26  Zergling x2  
  23  2:30  Drone  
  23  2:36  Drone x2  
  26  2:40  Zergling x2  
  27  2:48  Drone  
  28  2:54  Drone  
  28  2:55  Baneling Nest  
  28  3:03  Overlord  
  28  3:15  Zergling x4  
  29  3:40  Zergling x8  
  32  3:49  Zergling x2  
  32  3:54  Zergling x2  
  34  4:02  Drone  
  35  4:05  Lair  
  35  4:09  Zergling x4  
  37  4:14  Baneling x2  
  37  4:15  Baneling x7  
  37  4:17  Zergling x2  
  37  4:19  Baneling x5  
  37  4:20  Baneling  
  37  4:22  Zergling x2  
  38  4:28  Queen  
  38  4:30  Drone  
  41  4:36  Spore Crawler  
  41  4:38  Drone  
  36  4:59  Baneling x5  
  33  5:00  Baneling x5  
  33  5:01  Baneling  
  33  5:03  Zergling x2  
  30  5:35  Drone x3  
  33  5:38  Overlord  
  33  5:39  Overlord  
  33  5:40  Drone x2  
  33  5:41  Drone x4  
  39  5:47  Zergling x2  
  40  5:51  Pneumatized Carapace  
  40  6:05  Centrifical Hooks  
  40  6:09  Drone x3  
  40  6:10  Drone  
  44  6:15  Extractor  
  44  6:17  Extractor  
  42  6:18  Drone, Spore Crawler  
  42  6:28  Drone x2  
  42  6:30  Evolution Chamber  
  42  6:32  Drone x2  
  45  6:33  Drone  
  46  6:48  Spire  
  46  6:49  Baneling x2  
  46  6:50  Baneling x2  
  46  6:51  Zergling x4  
  48  6:54  Zergling x2  
  42  7:14  Zergling x8  
  42  7:15  Zergling x4  
  47  7:36  Overlord x2  
  47  7:49  Baneling x8  
  47  7:50  Baneling x4  
  41  7:56  Spore Crawler  
  41  7:58  Spore Crawler  
  39  8:21  Drone x3  
  39  8:24  Drone  
  43  8:35  Overlord x4  
  43  8:49  Overlord x2  
  7  10:11  Corruptor x6  
  15  10:53  Drone x2  
  17  11:22  Overlord  
  17  11:40  Drone x2  
  11  13:42  Drone x3  
  11  13:45  Drone x3  
Show
View Real Time Build Order
Export as new Build Order

hillside Zerg 

Build Orders: Pool First 

Get SALT Encoding   

  12  0:01  Drone  
  13  0:09  Drone  
  13  0:13  Extractor  
  13  0:17  Drone  
  14  0:25  Drone, Extractor  
  15  0:32  Overlord  
  15  0:49  Spawning Pool  
  14  0:51  Drone  
  14  0:55  Drone  
  16  1:07  Drone  
  16  1:08  Drone  
  18  1:16  Drone  
  19  1:31  Overlord  
  19  1:38  Metabolic Boost  
  19  1:39  Queen  
  19  1:42  Zergling x2  
  19  1:45  Spore Crawler  
  21  1:54  Drone  
  22  2:01  Drone  
  23  2:11  Zergling x2  
  24  2:15  Evolution Chamber  
  24  2:16  Pneumatized Carapace  
  22  2:38  Zergling x2  
  22  2:39  Zergling x2  
  24  2:53  Zergling x2  
  24  2:54  Zergling x6  
  28  3:00  Zerg Melee Weapons Level 1  
  28  3:13  Hatchery  
  28  3:14  Drone  
  28  3:15  Drone  
  29  3:33  Overlord x2  
  29  3:53  Lair, Extractor  
  21  4:21  Zergling x2  
  21  4:22  Zergling x10  
  27  4:25  Queen  
  27  4:27  Drone  
  30  4:38  Drone x2  
  26  5:44  Drone x10  
  36  5:58  Hatchery  
  36  5:59  Zerg Melee Weapons Level 2  
  36  6:02  Hatchery  
  34  6:19  Spire  
  34  6:21  Drone x3  
  36  6:30  Drone x6  
  42  6:38  Drone x4  
  46  6:47  Queen  
  48  6:55  Zergling x2  
  48  6:56  Zergling x6  
  48  6:58  Overlord x2  
  52  7:16  Extractor, Spore Crawler  
  52  7:17  Extractor  
  49  7:24  Queen  
  50  7:33  Zergling x2  
  50  7:34  Zergling x26  
  61  7:43  Mutalisk x3  
  53  8:11  Mutalisk  
  53  8:12  Mutalisk x3  
  47  8:15  Zergling x6  
  36  9:01  Mutalisk x3  
  18  10:57  Hatchery  
  18  10:58  Extractor  
  18  11:00  Extractor  
  18  11:02  Drone x3  
  18  11:04  Queen  
  20  11:55  Drone x3  
  21  12:12  Queen  
  21  12:14  Drone x2  
  23  12:21  Drone x2  
  23  12:55  Hatchery  
  23  12:58  Hatchery  
  21  13:18  Zergling x2  
  21  13:19  Zergling x12  
  28  13:20  Overlord  
  28  13:40  Zergling x4  
  28  13:41  Zergling x10  
  4  14:53  Drone x13  
  17  15:18  Drone x2  
  19  15:24  Drone  
  20  15:31  Drone x2  
  22  15:43  Drone x5  
  27  15:55  Drone x3  
  30  16:06  Spawning Pool  
  30  16:11  Extractor  
  28  16:23  Hatchery  
  27  16:28  Overlord x2  
  27  16:49  Drone x8  
  27  16:51  Drone  
  36  17:29  Drone  
  37  17:30  Drone x2  
  37  17:32  Drone x3  
  37  17:34  Overlord x2  
  42  17:51  Drone x2  
  44  17:55  Zergling x4  
  44  17:56  Zergling x2  
  44  17:58  Zergling x2  
  48  17:59  Zergling x2  
  48  18:01  Zergling x2  
  48  18:03  Zergling x2  
  51  18:07  Drone x3  
  51  18:08  Drone  
  54  18:31  Zergling x2  
  54  18:32  Zergling x16  
  62  18:40  Spore Crawler  
  56  18:42  Spore Crawler x2  
  56  18:45  Zergling x2  
  56  18:46  Zergling x8  
Show
View Real Time Build Order
Export as new Build Order

Parkuller Terran 

Build Orders: MMM Bio 

Get SALT Encoding   

  12  0:01  SCV  
  13  0:19  Supply Depot  
  13  0:24  SCV  
  14  0:33  Refinery  
  14  0:38  SCV  
  15  0:45  Barracks  
  15  0:50  SCV  
  16  1:06  Engineering Bay  
  16  1:12  Refinery  
  16  1:15  SCV  
  17  1:33  Barracks Tech Lab  
  17  1:36  Barracks  
  17  1:39  SCV  
  18  1:51  SCV  
  18  1:52  Marine  
  20  2:05  Missile Turret  
  20  2:10  Marine  
  20  2:13  Stimpack  
  21  2:22  Orbital Command  
  21  2:38  Marine  
  21  2:40  Barracks Reactor  
  22  2:49  SCV  
  23  2:53  Supply Depot  
  23  2:56  Terran Infantry Weapons Level 1  
  23  3:15  SCV  
  23  3:17  Supply Depot  
  24  3:44  Marine x2  
  24  3:47  Marine  
  27  3:51  SCV  
  28  4:00  Factory  
  28  4:03  SCV, Barracks  
  28  4:08  Marine x2  
  28  4:09  Marine  
  31  4:10  Supply Depot  
  31  4:14  Combat Shields  
  31  4:15  SCV  
  33  4:28  SCV  
  33  4:29  Marine x2  
  33  4:30  Marine  
  37  4:40  SCV  
  37  4:41  Supply Depot  
  38  4:47  Marine x3  
  38  4:52  SCV  
  42  5:08  Command Center  
  42  5:09  Terran Infantry Armor Level 1  
  42  5:12  Factory Tech Lab  
  42  5:17  Starport  
  42  5:20  SCV  
  43  5:36  Marine x2  
  43  5:37  Supply Depot  
  43  5:38  Marine  
  43  5:41  Marine  
  47  5:54  Marine x2  
  47  5:56  Medivac  
  51  6:00  Supply Depot  
  51  6:01  SCV  
  52  6:18  Marine x2  
  52  6:19  Marine x2  
  52  6:24  Armory  
  56  6:26  Medivac  
  56  6:30  Siege Tank  
  61  6:36  Marine x2  
  63  6:40  Barracks Reactor  
  63  6:53  Supply Depot  
  56  7:17  Supply Depot  
  56  7:39  Marine x3  
  56  7:40  Marine x2  
  61  7:45  Command Center  
  61  7:57  Marine  
  51  9:47  Marine x2  
  51  9:48  Marine x3  
  56  10:05  Marine x4  
  56  10:06  Marine  
  61  10:22  Marine  
  23  11:22  SCV  
  19  11:34  SCV  
  20  11:46  SCV  
  21  11:58  SCV  
  22  12:10  SCV  
  23  12:20  Orbital Command  
  23  12:42  Marine x3  
  23  12:43  Marine x2  
  28  12:47  Terran Infantry Weapons Level 2  
  28  13:00  Marine x4  
  32  13:33  Marine  
  33  13:34  Marine x4  
  33  13:36  Medivac  
  33  13:40  SCV  
  40  13:44  Refinery  
  40  13:48  Refinery  
  40  13:51  Marine  
  40  13:52  SCV, Marine x4  
  46  14:06  Medivac  
  46  14:09  Marine  
  49  14:10  Marine x4  
  53  14:23  Supply Depot  
  53  14:27  Marine x4  
  53  14:28  Marine  
  51  14:36  Medivac  
  42  14:45  Marine x3  
  43  14:47  Marine x2  
  47  15:02  Marine  
  47  15:03  Marine x2  
  47  15:04  Marine  
  47  15:05  Marine  
  47  15:06  Medivac  
  50  15:20  Marine  
  50  15:21  Marine  
  49  15:35  Medivac  
  49  16:27  Orbital Command  
  28  18:27  Command Center  
Show
View Real Time Build Order
Export as new Build Order

Loken Protoss - Winner!

Build Orders: 1 Gate Expand 

Get SALT Encoding   

  12  0:01  Probe (Chrono Boost)  
  13  0:11  Probe (Chrono Boost)  
  14  0:22  Probe (Chrono Boost)  
  14  0:26  Pylon  
  15  0:45  Probe (Chrono Boost)  
  15  0:49  Gateway  
  16  0:55  Probe (Chrono Boost)  
  17  1:06  Probe (Chrono Boost)  
  18  1:16  Probe (Chrono Boost)  
  19  1:19  Nexus  
  19  1:27  Probe (Chrono Boost)  
  20  1:37  Probe (Chrono Boost)  
  21  1:48  Probe (Chrono Boost)  
  21  1:53  Cybernetics Core  
  22  1:58  Assimilator  
  22  2:02  Probe (Chrono Boost)  
  22  2:03  Assimilator  
  23  2:16  Pylon  
  23  2:20  Pylon  
  23  2:23  Pylon  
  23  2:31  Probe (Chrono Boost)  
  23  2:33  Probe (Chrono Boost)  
  25  2:40  Warp Gate  
  25  2:41  Probe (Chrono Boost)  
  25  2:44  Probe (Chrono Boost)  
  27  2:52  Probe (Chrono Boost)  
  27  2:54  Assimilator, Probe (Chrono Boost)  
  29  2:58  Assimilator  
  29  3:02  Probe (Chrono Boost)  
  29  3:05  Probe (Chrono Boost)  
  31  3:13  Probe (Chrono Boost)  
  31  3:15  Probe (Chrono Boost)  
  33  3:24  Probe (Chrono Boost)  
  33  3:26  Probe (Chrono Boost)  
  35  3:27  Stargate  
  36  3:34  Probe (Chrono Boost)  
  36  3:36  Probe (Chrono Boost)  
  36  3:37  Stargate  
  37  3:44  Stargate  
  37  3:45  Probe (Chrono Boost)  
  37  3:47  Probe (Chrono Boost)  
  39  3:55  Pylon, Probe (Chrono Boost)  
  40  3:57  Probe (Chrono Boost)  
  41  4:06  Probe (Chrono Boost)  
  41  4:08  Probe (Chrono Boost)  
  43  4:16  Probe (Chrono Boost)  
  44  4:18  Probe (Chrono Boost)  
  45  4:25  Fleet Beacon  
  45  4:27  Probe (Chrono Boost)  
  45  4:29  Probe (Chrono Boost)  
  47  4:31  Protoss Air Weapons Level 1  
  47  4:37  Probe (Chrono Boost)  
  48  4:49  Probe (Chrono Boost)  
  49  5:01  Pylon  
  49  5:03  Pylon  
  49  5:05  Pylon  
  49  5:10  Tempest x3  
  67  5:52  Tempest  
  67  5:53  Tempest  
  79  6:04  Tempest  
  79  6:09  Pylon  
  85  6:11  Pylon  
  85  6:12  Pylon  
  85  6:14  Pylon  
  85  6:15  Pylon  
  85  6:27  Pylon  
  85  6:28  Pylon  
  85  6:30  Pylon  
  85  6:37  Tempest x2  
  97  6:45  Gateway x2  
  97  6:47  Gateway  
  97  6:48  Gateway  
  97  6:49  Gateway  
  97  6:51  Gateway  
  97  6:53  Tempest  
  103  7:13  Twilight Council  
  103  7:53  Tempest  
  103  7:59  Tempest x2  
  109  9:47  Tempest  
  109  9:52  Tempest  
  109  9:53  Tempest  
  115  10:47  Adept  
  115  10:48  Adept x4  
  115  10:49  Adept x2  
  81  11:17  Adept  
  81  11:18  Adept x4  
  87  11:19  Adept x2  
  87  11:25  Resonating Glaives  
  95  11:40  Stalker x3  
  95  11:41  Stalker x3  
  95  11:44  Stalker  
  109  12:13  Nexus  
  109  12:15  Pylon  
  109  12:18  Pylon  
  109  12:22  Pylon  
  109  12:35  Stalker x2  
  109  12:36  Stalker x3  
  119  12:37  Stalker  
  119  12:38  Stalker  
  95  13:06  Stalker x5  
  95  13:07  Stalker x2  
  99  13:50  Stalker x4  
  99  13:51  Stalker x3  
  111  14:13  Assimilator  
  111  14:17  Assimilator  
  67  14:32  Tempest  
  67  14:33  Tempest x2  
  85  14:48  Protoss Air Weapons Level 2  
  85  15:05  Pylon  
  85  15:08  Pylon  
  85  15:11  Charge  
  85  15:25  Pylon  
  85  15:28  Pylon  
  85  15:30  Pylon  
  85  15:31  Pylon, Tempest  
  85  15:32  Forge, Tempest x2  
  85  15:35  Pylon  
  85  15:39  Pylon  
  85  15:41  Pylon  
  103  16:03  Nexus  
  103  16:09  Tempest  
  103  16:16  Tempest  
  103  16:17  Tempest  
  121  16:46  Tempest  
  121  16:54  Tempest  
  131  18:06  Tempest x2  
  143  18:30  Pylon  
  143  18:31  Pylon  
  143  18:57  Forge  
Show
View Real Time Build Order
Export as new Build Order

Rugi Terran - Winner!

Build Orders: Reaper Expand 

Get SALT Encoding   

  12  0:00  SCV  
  13  0:13  SCV  
  14  0:18  Supply Depot  
  14  0:25  SCV  
  15  0:40  SCV  
  15  0:42  Barracks  
  16  0:45  Refinery  
  16  0:54  SCV  
  17  1:06  SCV  
  19  1:18  SCV  
  19  1:29  Reaper  
  19  1:30  Orbital Command  
  20  1:55  Barracks, Command Center  
  20  1:58  SCV  
  21  2:10  Barracks Reactor, SCV  
  22  2:22  SCV  
  23  2:37  SCV  
  23  2:45  Barracks Tech Lab  
  23  3:01  Refinery  
  23  3:04  Stimpack  
  23  3:06  SCV, Marine x2  
  23  3:08  Supply Depot  
  23  3:10  Marine  
  23  3:11  SCV  
  28  3:13  Factory  
  28  3:18  SCV  
  29  3:24  Marine x2  
  31  3:28  Marine  
  32  3:42  Marine x2  
  32  3:46  Marine  
  36  3:48  SCV  
  36  3:52  SCV  
  37  3:58  Starport  
  37  3:59  Marine x2  
  35  4:15  SCV  
  34  4:20  Orbital Command  
  34  4:22  Marine x3  
  34  4:23  Factory Reactor  
  36  4:39  Medivac  
  36  4:41  SCV, Marine  
  36  4:42  Marine x2  
  42  4:48  SCV  
  43  4:53  SCV  
  44  5:00  Marine x3  
  47  5:18  Marine  
  47  5:21  Marauder, Marine  
  31  5:35  Marine, Medivac x2  
  36  5:46  Refinery  
  36  5:47  Refinery  
  36  5:49  Marine x2  
  38  5:53  Marine  
  39  6:00  Supply Depot  
  39  6:22  SCV  
  43  6:34  SCV  
  41  6:49  SCV  
  41  6:52  Command Center  
  42  7:16  Marine x3  
  42  7:28  Medivac  
  45  7:30  SCV  
  45  7:33  Marine  
  45  7:34  Marine  
  47  8:03  Marine x2  
  47  8:10  Marine  
  38  8:16  SCV  
  38  8:17  Orbital Command  
  39  8:21  Marine x2  
  41  8:27  Widow Mine  
  43  8:55  Marine x3  
  43  8:57  Medivac  
  43  8:58  Medivac  
  43  8:59  SCV x2  
  52  9:11  SCV  
  52  9:13  Marine  
  28  10:14  Marine x3  
  28  10:16  SCV x2  
  30  10:22  Barracks  
  30  10:24  Barracks  
  30  10:28  SCV  
  30  10:32  Marine  
  30  10:33  Marine  
  32  10:44  Marine  
  32  10:51  Orbital Command  
  32  10:54  Medivac x2  
  32  10:55  Widow Mine, Marine  
  37  11:01  Marine  
  38  11:13  Marine  
  39  11:19  Marine  
  39  11:22  Marine x2  
  39  11:24  Combat Shields  
  39  11:25  SCV  
  34  11:28  SCV  
  34  11:31  Marine  
  36  11:37  SCV, Marine  
  38  11:40  Marine x2  
  38  11:41  Widow Mine  
  38  11:45  SCV  
  43  11:49  SCV, Marine  
  43  11:53  Barracks  
  45  11:54  Barracks, Supply Depot  
  45  11:56  Marine  
  45  11:58  SCV  
  47  12:25  Marine x4  
  51  12:35  Medivac  
  51  12:36  Medivac  
  55  12:37  SCV  
  55  12:43  Marine x4  
  60  13:00  Marine  
  60  13:01  Marine x3  
  48  13:15  SCV x2  
  48  13:18  Marine  
  48  13:19  Marine  
  54  13:20  Barracks Reactor x2  
  54  13:21  Barracks Tech Lab  
  54  13:22  Barracks Reactor  
  54  13:25  Concussive Shells  
  52  13:27  SCV x2  
  54  13:37  Marine  
  54  13:39  Marine  
  56  13:44  Medivac  
  56  13:45  SCV  
  59  13:52  SCV, Engineering Bay  
  59  13:53  Engineering Bay  
  60  13:57  Command Center  
  60  13:58  SCV  
  60  13:59  Marine  
  62  14:09  Marine x5  
  68  14:10  SCV, Supply Depot  
  68  14:11  Supply Depot  
  68  14:12  SCV  
  69  14:37  Marine x2  
  69  14:38  Marine x5  
  73  14:39  Medivac  
  73  14:40  Medivac  
  80  14:53  Marine x2  
  80  14:54  SCV x2  
  80  14:55  Marine x2  
  86  15:00  Supply Depot  
  86  15:04  Marine x5  
  91  15:09  Medivac  
  91  15:11  Marine  
  94  15:47  Marine  
  94  15:48  Marine x7  
  83  15:53  Terran Infantry Armor Level 1, Terran Infantry Weapons Level 1  
  83  15:56  SCV x2  
  85  15:57  Armory  
  85  16:00  Missile Turret  
  85  16:02  Missile Turret  
  85  16:03  Planetary Fortress, Missile Turret  
  85  16:08  SCV x2  
  85  16:20  SCV  
  85  16:21  SCV  
  87  16:44  Marine x5  
  87  16:45  Marine x4  
  87  16:46  Medivac  
  142  16:47  Medivac  
  97  17:02  Marine x2  
  97  17:03  Marauder  
  97  17:04  Marauder  
  103  17:08  Marine  
  103  17:09  Marine x4  
  108  17:19  Marine  
  108  17:20  Marine  
  110  17:25  Marauder x2  
  110  17:26  Marine x2  
  110  17:27  Marine  
  117  17:54  Supply Depot  
  117  17:55  Marine x2, Medivac x2  
  117  17:56  Marauder  
  125  17:59  Supply Depot  
  125  18:03  Supply Depot  
  125  18:04  Supply Depot  
  125  18:16  SCV, Marine x7  
  133  18:21  Marine  
  133  18:23  Liberator  
  133  18:24  Liberator  
  109  18:33  Marine x4  
  109  18:34  Marauder, Marine x3  
  113  18:38  Marine  
  122  18:51  Marauder  
  122  18:53  Marine  
  122  18:54  Marine x5  
  130  19:14  Marine x3  
  130  19:15  Marine x6  
Show
View Real Time Build Order
Export as new Build Order

Myran Protoss - Winner!

Build Orders:  

Get SALT Encoding   

  12  0:01  Probe (Chrono Boost)  
  13  0:12  Probe (Chrono Boost)  
  14  0:21  Pylon  
  14  0:23  Probe (Chrono Boost)  
  15  0:40  Probe (Chrono Boost)  
  16  0:47  Gateway  
  16  0:53  Probe (Chrono Boost)  
  17  1:00  Pylon  
  17  1:03  Probe (Chrono Boost)  
  18  1:07  Assimilator  
  18  1:14  Probe (Chrono Boost)  
  19  1:18  Forge  
  19  1:26  Probe (Chrono Boost)  
  20  1:38  Probe (Chrono Boost)  
  21  1:53  Probe (Chrono Boost)  
  22  1:57  Assimilator, Nexus  
  22  2:04  Probe (Chrono Boost)  
  22  2:06  Zealot  
  25  2:17  Pylon, Probe (Chrono Boost)  
  26  2:27  Probe (Chrono Boost)  
  27  2:36  Cybernetics Core  
  27  3:00  Photon Cannon  
  27  3:02  Probe (Chrono Boost)  
  28  3:17  Pylon, Probe (Chrono Boost)  
  28  3:19  Assimilator  
  31  3:24  Assimilator  
  29  3:28  Probe (Chrono Boost)  
  30  3:41  Photon Cannon  
  30  3:42  Zealot  
  30  3:43  Pylon  
  30  3:52  Pylon  
  30  3:59  Probe (Chrono Boost)  
  31  4:08  Photon Cannon  
  31  4:09  Probe (Chrono Boost)  
  32  4:16  Probe (Chrono Boost)  
  33  4:20  Probe (Chrono Boost)  
  33  4:21  Stalker  
  36  4:26  Probe (Chrono Boost)  
  36  4:30  Gateway, Probe (Chrono Boost)  
  38  4:32  Gateway  
  38  4:37  Probe (Chrono Boost)  
  39  4:46  Pylon  
  39  4:49  Gateway  
  39  4:52  Warp Gate  
  37  5:04  Gateway  
  37  5:06  Pylon  
  37  5:11  Probe (Chrono Boost)  
  37  5:14  Probe (Chrono Boost)  
  39  5:24  Pylon, Probe (Chrono Boost)  
  39  5:27  Probe (Chrono Boost)  
  41  5:35  Probe (Chrono Boost)  
  42  5:39  Stalker x3  
  48  5:43  Protoss Ground Weapons Level 1  
  48  5:45  Probe (Chrono Boost)  
  49  6:11  Robotics Facility  
  49  6:17  Zealot x3  
  49  6:18  Zealot  
  57  6:30  Twilight Council  
  57  6:33  Pylon  
  57  6:37  Pylon  
  57  6:45  Stalker  
  59  7:02  Stalker x2, Zealot  
  65  7:24  Immortal  
  69  7:34  Charge  
  69  7:45  Protoss Ground Weapons Level 2  
  69  8:03  Immortal  
  61  8:37  Stalker x2  
  61  8:38  Stalker x2  
  67  8:42  Observer  
  67  8:46  Probe (Chrono Boost)  
  61  8:50  Gateway x2  
  61  8:55  Pylon  
  59  8:56  Probe (Chrono Boost)  
  59  8:57  Pylon  
  59  8:59  Pylon  
  60  9:04  Immortal  
  60  9:07  Probe (Chrono Boost)  
  65  9:15  Blink  
  65  9:25  Stalker x2  
  65  9:26  Stalker  
  65  9:27  Stalker  
  73  9:37  Pylon  
  73  9:40  Pylon  
  39  10:01  Zealot x5  
  39  10:04  Zealot  
  39  10:08  Immortal  
  41  10:17  Probe (Chrono Boost)  
  42  10:27  Probe (Chrono Boost)  
  33  10:36  Zealot x4  
  33  10:37  Zealot x2  
  33  10:38  Probe (Chrono Boost)  
  46  10:47  Immortal  
  46  10:48  Probe (Chrono Boost)  
  41  11:23  Stalker  
  41  11:24  Stalker x4  
  50  11:26  Immortal  
  50  11:27  Stalker  
  51  12:21  Nexus  
  51  12:22  Pylon  
  51  12:24  Pylon  
  51  12:33  Zealot  
  51  12:35  Zealot  
  55  12:39  Pylon  
  55  12:41  Pylon  
  55  12:45  Photon Cannon  
  55  12:50  Photon Cannon  
  55  13:09  Probe (Chrono Boost)  
  57  13:20  Probe (Chrono Boost)  
  57  14:10  Nexus  
  54  15:13  Zealot x3  
  54  15:14  Zealot  
  50  15:19  Probe (Chrono Boost)  
  31  15:23  Pylon  
  31  15:25  Probe (Chrono Boost)  
  31  15:26  Pylon  
  32  15:29  Probe (Chrono Boost)  
  32  15:35  Stalker x2  
  37  15:36  Stalker x2, Probe (Chrono Boost)  
  37  15:40  Probe (Chrono Boost)  
  43  15:47  Probe (Chrono Boost)  
  44  15:50  Probe (Chrono Boost)  
  45  15:57  Probe (Chrono Boost)  
  45  15:59  Immortal  
  50  16:04  Probe (Chrono Boost)  
  50  16:09  Probe (Chrono Boost)  
  52  16:15  Probe (Chrono Boost)  
  53  16:18  Stalker  
  53  16:19  Probe (Chrono Boost)  
  53  16:20  Zealot  
  58  16:30  Probe (Chrono Boost)  
  59  16:38  Observer  
  60  16:40  Probe (Chrono Boost)  
  60  16:43  Probe (Chrono Boost)  
  62  16:49  Zealot  
  62  16:50  Zealot x3  
  62  16:53  Probe (Chrono Boost)  
  71  17:02  Protoss Ground Armor Level 1  
  71  17:11  Probe (Chrono Boost)  
  72  17:21  Probe (Chrono Boost)  
  73  17:37  Stalker  
  75  18:04  Photon Cannon, Zealot x3  
  75  18:05  Zealot x3  
  86  18:31  Zealot x2  
  86  18:32  Zealot x3  
  86  18:33  Zealot  
  92  18:40  Probe (Chrono Boost)  
  85  18:51  Probe (Chrono Boost)  
  84  19:01  Probe (Chrono Boost)  
  85  19:12  Probe (Chrono Boost)  
  85  19:14  Immortal  
  85  19:16  Stalker x2  
  94  19:22  Probe (Chrono Boost)  
  95  19:30  Probe (Chrono Boost)  
  96  19:33  Probe (Chrono Boost)  
  97  19:41  Probe (Chrono Boost)  
Show
View Real Time Build Order
Export as new Build Order

dallaskuken Protoss - Winner!

Build Orders:  

Get SALT Encoding   

  12  0:01  Probe (Chrono Boost)  
  13  0:12  Probe (Chrono Boost)  
  14  0:26  Pylon  
  15  0:28  Probe (Chrono Boost)  
  15  0:48  Gateway  
  15  0:49  Probe (Chrono Boost)  
  16  0:53  Assimilator  
  16  1:00  Probe (Chrono Boost)  
  17  1:10  Probe (Chrono Boost)  
  18  1:12  Assimilator  
  18  1:21  Probe (Chrono Boost)  
  19  1:31  Probe (Chrono Boost)  
  20  1:42  Probe (Chrono Boost)  
  20  1:46  Pylon  
  21  1:52  Probe (Chrono Boost)  
  22  2:05  Nexus  
  22  2:08  Pylon  
  22  2:12  Pylon  
  22  2:15  Probe (Chrono Boost)  
  23  2:24  Forge  
  23  2:28  Probe (Chrono Boost)  
  24  2:39  Probe (Chrono Boost)  
  25  3:33  Cybernetics Core  
  25  3:34  Zealot  
  27  4:17  Pylon  
  24  5:06  Stargate x2  
  24  5:10  Stargate  
  24  6:01  Void Ray  
  24  6:02  Void Ray x2  
  36  6:26  Nexus  
  36  6:44  Void Ray x2  
  44  6:47  Pylon x2  
  44  7:00  Pylon  
  44  7:01  Pylon  
  44  7:03  Pylon  
  44  7:10  Void Ray  
  48  7:27  Void Ray  
  52  7:41  Void Ray  
  56  7:46  Probe (Chrono Boost)  
  56  7:50  Assimilator  
  57  7:52  Void Ray  
  57  7:55  Assimilator  
  57  7:56  Probe (Chrono Boost)  
  62  8:07  Probe (Chrono Boost)  
  62  8:10  Void Ray  
  67  8:17  Probe (Chrono Boost)  
  68  8:28  Probe (Chrono Boost)  
  49  9:20  Fleet Beacon  
  45  9:39  Void Ray x3  
  57  9:46  Probe (Chrono Boost)  
  58  9:56  Probe (Chrono Boost)  
  59  10:07  Probe (Chrono Boost)  
  60  10:18  Probe (Chrono Boost)  
  61  10:28  Probe (Chrono Boost)  
  22  11:01  Probe (Chrono Boost)  
  22  11:04  Carrier  
  23  11:08  Probe (Chrono Boost)  
  25  11:11  Probe (Chrono Boost)  
  25  11:22  Probe (Chrono Boost)  
  25  11:24  Pylon  
  26  11:32  Probe (Chrono Boost)  
  27  11:42  Nexus  
  27  11:43  Probe (Chrono Boost)  
  27  11:46  Assimilator  
  28  11:50  Assimilator  
  28  11:53  Probe (Chrono Boost)  
  29  12:04  Probe (Chrono Boost)  
  29  12:05  Probe (Chrono Boost)  
  29  12:07  Carrier  
  37  12:14  Probe (Chrono Boost)  
  38  12:16  Probe (Chrono Boost)  
  39  12:25  Probe (Chrono Boost)  
  39  12:26  Probe (Chrono Boost)  
  41  12:33  Carrier  
  41  12:35  Probe (Chrono Boost)  
  49  12:37  Probe (Chrono Boost)  
  49  12:47  Probe (Chrono Boost)  
  49  12:48  Probe (Chrono Boost)  
  51  12:55  Probe (Chrono Boost)  
  53  12:58  Probe (Chrono Boost)  
  54  13:05  Probe (Chrono Boost)  
  54  13:09  Probe (Chrono Boost)  
  55  13:16  Probe (Chrono Boost)  
  55  13:19  Probe (Chrono Boost)  
  57  13:26  Probe (Chrono Boost)  
  54  13:30  Probe (Chrono Boost)  
  50  13:56  Probe (Chrono Boost)  
  51  14:03  Carrier  
  51  14:07  Probe (Chrono Boost)  
  58  14:17  Probe (Chrono Boost)  
  59  14:28  Probe (Chrono Boost)  
  60  14:36  Carrier x2  
  72  14:38  Probe (Chrono Boost)  
  73  14:49  Probe (Chrono Boost)  
  74  14:59  Probe (Chrono Boost)  
  75  15:10  Probe (Chrono Boost)  
  76  15:29  Carrier  
  82  15:55  Protoss Air Weapons Level 1  
  82  16:02  Carrier  
  88  16:21  Carrier  
  94  16:33  Probe (Chrono Boost)  
  63  17:55  Carrier  
Tags
 
Add a new tag
Caveats
  • Supply blocks, unpowered buildings, or Contaminate may cause inaccurate times.
  • Supply counts are checked every 10 seconds.